 Dungeon Sprint DCSS version 0.29-a0-653-gd47aff6735 (webtiles) character file.

Game seed: 17841642810709637003

75 purpskrrrp the Conjurer (level 3, -2/26 HPs)
             Began as a Demigod Conjurer on June 22, 2022.
             Drowned by a water elemental (8 damage)
             ... in the Dungeon (Sprint III: "The Ten Rune Challenge").
             The game lasted 00:05:18 (783 turns).

purpskrrrp the Conjurer (Demigod Conjurer)           Turns: 783, Time: 00:05:19

Health: -2/26      AC:  5    Str:  8    XL:     3   Next: 88%
Magic:  8/10       EV: 12    Int: 24    God:
Gold:   0          SH:  0    Dex: 12    Spells: 6/7 levels left

rFire   + . .      SeeInvis .   d - +3 quarterstaff (chaos)
rCold   x . .      Faith    .   (shield currently unavailable)
rNeg    . . .      Spirit   .   a - +0 robe
rPois   .          Reflect  .   (no helmet)
rElec   .          Harm     .   e - +2 cloak
rCorr   .          Rampage  .   (no gloves)
Will    .....      NoTele   +   (no boots)
Stlth   ++........              (no amulet)
HPRegen 0.08/turn               i - ring of fire
MPRegen 0.12/turn               (no ring)

@: engulfed (cannot breathe)
A: high MP 1, forlorn, divine attributes
a: no special abilities


You were in the Dungeon.
You visited 1 branch

Inventory:

Hand Weapons
 d - a +3 quarterstaff of chaos (weapon)
 h - a +0 shortbow
 j - a +0 dagger
Armour
 a - a +0 robe (worn)
 e - a +2 cloak (worn)
Jewellery
 i - a ring of fire (left hand)
Scrolls
 g - a scroll of blinking
Potions
 b - 3 potions of magic


   Skills:
 + Level 0.4 Short Blades
 + Level 2.8 Dodging
 + Level 2.6 Stealth
 + Level 0.5 Unarmed Combat
 + Level 2.9 Spellcasting
 + Level 7.1 Conjurations


You had 6 spell levels left.
You knew the following spells:

 Your Spells              Type           Power      Damage    Failure   Level
a - Magic Dart            Conj           100%       1d8       1%          1

Your spell library contained the following spells:

 Spells                   Type           Power      Damage    Failure   Level
 Searing Ray              Conj           74%        2d7       1%          2
 Dazzling Flash           Conj/Hex       40%        N/A       8%          3
 Fulminant Prism          Conj/Hex       10%        3d9       26%         4
 Iskenderun's Mystic Bla  Conj/Tloc      20%        2d6       26%         4


Dungeon Overview and Level Annotations

Branches:
Dungeon (1/1)


Innate Abilities, Weirdness & Mutations

You have an increased reservoir of magic. (+10% MP)
You shall have no god before yourself.
Your divine heritage dramatically boosts your attributes as you level up.


Message History

You start resting.
You recover from your berserk rage.
You start resting.
Magic restored.
Your +3 quarterstaff of chaos is briefly surrounded by a scintillating aura of random colours.
d - a +3 quarterstaff of chaos (weapon)
You start putting on your armour.
You continue putting on your +2 cloak. x4
You finish putting on your +2 cloak.
There is an open door here.
You see here a +0 robe.
There is an open door here.
You see here a human corpse.
You open the door.
A water elemental comes into view.
The water elemental attacks as you move away!
The water elemental hits you!
Aiming: Magic Dart (safe; 1% risk of failure)
Press: ? - help, Q - select action Shift-Dir - straight line, f - water elemental
Aim: a water elemental (100% to hit)
The magic dart hits the water elemental but does no damage.
The water elemental barely misses you.
Aiming: Magic Dart (safe; 1% risk of failure)
Press: ? - help, Q - select action Shift-Dir - straight line, f/p - water elemental
Aim: a water elemental (100% to hit)
The magic dart hits the water elemental.
The water elemental is lightly damaged.
The water elemental barely misses you.
You thump the water elemental! You freeze the water elemental.
The water elemental is heavily damaged.
The water elemental hits you!
* * * LOW HITPOINT WARNING * * *
The water elemental engulfs you in water!
You cannot cast spells while unable to breathe!
You feel better.
* * * LOW HITPOINT WARNING * * *
Your lungs strain for air!
The water elemental misses you.
You closely miss the water elemental.
The water elemental is heavily damaged.
You die...

▓..# #..... ♣.#
▓#'####....♣♣ ♣.#
▓.....#....≈♣♣♣♣♣.###+#+#
▓.....#...≈≈..♣.♣.#......
▓.....#..≈≈≈≈♣.♣♣.'.⌠....
▓####[#..≈≈≈≈≈≈♣♣.#...###
▓.....#.≈≈≈≈≈≈....# ⌠.#
▓.....#.≈≈≈≈≈..E..# .#
▓.....#.≈≈≈...@...# #
▓'#####...........#
▓........†........#
▓▓▓▓▓▓▓▓▓▓▓▓▓▓▓▓▓▓▓


You could see a water elemental.

Vanquished Creatures
  Crazy Yiuf (D)
  Jessica (D)
  A human (D)
  2 endoplasms (D)
  A rat (D)
6 creatures vanquished.

Notes
Turn   | Place    | Note
-------+----------+-------------------------------------------
     0 | D        | purpskrrrp the Demigod Conjurer began the quest for the
                  | Orb.
     0 | D        | Reached XP level 1. HP: 14/14 MP: 5/5
     4 | D        | Reached skill level 4 in Conjurations
   342 | D        | Noticed Jessica
   349 | D        | Killed Jessica
   350 | D        | Reached skill level 6 in Conjurations
   350 | D        | Reached XP level 2. HP: 8/20 MP: 1/7
   581 | D        | Reached XP level 3. HP: 26/26 MP: 2/9
   646 | D        | Noticed Crazy Yiuf
   682 | D        | Killed Crazy Yiuf
   683 | D        | Reached skill level 7 in Conjurations
   774 | D        | Noticed a water elemental
   783 | D        | Drowned by a water elemental

Illustrated notes

Levels and vault maps discovered:
D:        dungeon_sprint_mu [sprint_mu_entry_forest, sprint_mu_temple_rooms,
          sprint_mu_d1_horrors, sprint_mu_d2_genie, sprint_mu_d3_branching,
          sprint_mu_orc_legion, sprint_mu_elf_gauntlet, sprint_mu_hive_nellie,
          sprint_mu_lair_fedhas, sprint_mu_vaults_butterflies,
          sprint_mu_slime_circle, sprint_mu_swamp_cave, sprint_mu_snake_twists,
          sprint_mu_blade_basic, sprint_mu_crypt_lich, sprint_mu_tomb_spiral,
          sprint_mu_vestibule_basic, sprint_mu_gehenna_hellfire,
          sprint_mu_dis_giant, sprint_mu_tartarus_statrot,
          sprint_mu_cocytus_islands, sprint_mu_zot1]

Skill      XL: |  1  2  3 |
---------------+----------+-----
Conjurations   | 6 7 |  7.1
Dodging        | 2 |  2.8
Stealth        | 2 |  2.6
Spellcasting   | 2 |  2.9
Short Blades   | |  0.4
Unarmed Combat | |  0.5

Action                   || total
-------------------------++-------
Melee: Unarmed           ||     3
       Dagger            ||     8
       Quarterstaff      ||     2
 Cast: Magic Dart        ||    27
  Use: Potion            ||     4
Dodge: Dodged            ||    12

Table legend: (Time is in decaauts)
 A = Elapsed time spent in this place.
 B = Non-inter-level travel time spent in this place.
 C = Inter-level travel time spent in this place.
 D = Time resting spent in this place.
 E = Time spent auto-exploring this place.
 F = Levels seen in this place.
 G = Mean time per level.
                   A        B        C        D        E       F      G
               +--------+--------+--------+--------+--------+-----+--------+
         Total |    778 |    755 |     23 |    637 |     27 |   1 |  778.0 |
       Dungeon |    778 |    755 |     23 |    637 |     27 |   1 |  778.0 |
               +--------+--------+--------+--------+--------+-----+--------+

Top non-repeatable levels by time:
       D: 778 daAuts
